Map: Golden Wall LE

Players

Creature - Winner!

  • Race: Protoss Protoss
  • Spawn Location: 5:00

DisK

  • Race: Protoss Protoss
  • League: Grandmaster
  • Spawn Location: 7:00

Event: DreamHack SC2 Masters 2020 Summer North America

VOD

Have the link to the VOD?

Description

Time

  • Played on: July 1, 2020, 3:52 p.m.
  • Length: 15:33

All games in this series

Show
View Real Time Build Order
Export as new Build Order

Creature Protoss - Winner!

Build Orders: Oracle Opening, Blink Stalkers 

Get SALT Encoding   

  12  0:00  Probe  
  13  0:13  Probe  
  14  0:19  Pylon  
  14  0:25  Probe  
  15  0:33  Probe  
  15  0:41  Gateway, Probe  
  16  0:48  Assimilator  
  17  0:51  Probe  
  17  0:56  Assimilator  
  18  1:00  Probe  
  19  1:08  Probe  
  19  1:10  Gateway  
  19  1:18  Probe  
  21  1:28  Cybernetics Core  
  21  1:30  Probe  
  22  1:36  Pylon  
  22  1:42  Probe  
  23  1:54  Probe  
  24  2:04  Adept  
  24  2:05  Adept, Warp Gate  
  28  2:12  Stargate  
  28  2:39  Nexus  
  28  2:49  Oracle  
  30  3:02  Pylon  
  31  3:20  Probe  
  31  3:21  Oracle  
  31  3:23  Shield Battery  
  32  3:32  Probe  
  34  3:39  Twilight Council  
  34  3:45  Probe  
  34  3:48  Probe  
  35  3:53  Stalker  
  38  3:56  Probe  
  38  3:57  Blink, Probe  
  40  4:06  Probe  
  40  4:09  Probe  
  42  4:18  Probe  
  42  4:21  Probe  
  42  4:24  Sentry  
  46  4:29  Stalker  
  46  4:30  Probe  
  47  4:33  Pylon, Probe  
  48  4:41  Pylon  
  48  4:42  Probe  
  48  4:45  Probe  
  50  4:48  Forge  
  50  4:54  Probe  
  50  4:57  Probe  
  52  5:00  Assimilator  
  52  5:01  Assimilator  
  52  5:02  Dark Shrine  
  52  5:06  Probe  
  53  5:07  Gateway  
  53  5:09  Probe  
  54  5:18  Probe  
  54  5:20  Protoss Ground Weapons Level 1  
  55  5:21  Probe  
  56  5:30  Gateway, Probe  
  56  5:33  Probe  
  58  5:36  Phoenix, Pylon  
  60  5:43  Probe  
  60  5:46  Probe  
  62  5:55  Probe  
  63  5:58  Probe  
  61  6:07  Probe  
  63  6:12  Gateway  
  63  6:15  Gateway  
  63  6:16  Dark Templar x2, Charge  
  63  6:17  Gateway, Dark Templar  
  68  6:45  Zealot  
  64  6:53  Stalker  
  58  7:06  Dark Templar x2  
  58  7:07  Probe  
  37  7:24  Probe  
  37  7:25  Dark Templar x3  
  37  7:26  Probe  
  45  7:36  Probe  
  46  7:38  Probe  
  47  7:48  Probe  
  47  7:49  Zealot x2  
  47  7:50  Probe  
  50  8:01  Zealot x2  
  50  8:02  Zealot  
  50  8:03  Probe  
  57  8:07  Probe  
  57  8:10  Nexus  
  58  8:13  Dark Templar x2  
  58  8:15  Probe  
  58  8:19  Probe  
  62  8:20  Pylon x2  
  62  8:33  Zealot x3  
  66  8:37  Probe  
  67  8:47  Robotics Facility  
  67  8:48  Probe  
  68  8:52  Probe  
  68  8:54  Pylon  
  69  8:57  Archon x2  
  69  9:03  Archon x2  
  63  9:10  Zealot x3  
  63  9:14  Probe  
  63  9:16  Probe  
  67  9:19  Probe  
  67  9:22  Probe  
  68  9:28  Observer, Probe  
  68  9:29  Probe  
  68  9:30  Probe  
  70  9:38  Probe  
  73  9:41  Probe x2  
  73  9:45  Sentry x3, Stalker  
  82  9:50  Immortal, Probe  
  85  9:53  Probe  
  85  9:57  Probe  
  87  10:03  Probe  
  88  10:20  Stalker x5  
  94  10:25  Warp Prism  
  94  10:26  Photon Cannon  
  94  10:38  Probe  
  94  10:42  Probe  
  98  10:43  Probe  
  99  10:50  Protoss Ground Weapons Level 2  
  99  10:54  Stalker x5  
  109  10:57  Pylon  
  109  11:01  Pylon  
  109  11:21  Zealot x2  
  111  11:31  Stalker x4  
  119  11:45  Stalker x2  
  119  11:51  Probe  
  119  11:53  Gateway  
  120  11:54  Gateway  
  120  11:56  Stalker x2  
  123  12:12  Pylon x2  
  123  12:28  Nexus  
  123  12:29  Assimilator  
  123  12:30  Immortal  
  123  12:31  Assimilator  
  127  12:49  Pylon  
  125  12:53  Zealot x4  
  125  12:56  Stalker x4  
  140  12:59  Robotics Bay  
  140  13:02  Stargate  
  140  13:13  Probe  
  141  13:21  Zealot  
  141  13:26  Dark Templar x3  
  149  13:30  Pylon  
  149  13:31  Pylon  
  149  13:39  Fleet Beacon  
  149  13:54  Zealot x5  
  159  13:58  Probe x2  
  159  13:59  Probe  
  159  14:00  Probe  
  163  14:10  Probe x2  
  163  14:11  Templar Archives  
  165  14:20  Zealot x8  
  178  14:27  Pylon  
  178  14:28  Pylon  
  173  14:41  Pylon  
  173  14:42  Pylon  
  173  14:43  Pylon  
  173  14:44  Pylon  
  173  14:48  Phoenix  
  173  14:49  Phoenix  
  169  15:01  Zealot x6  
  169  15:03  Dark Templar  
  173  15:19  Dark Templar  
  145  15:31  Zealot x6  
Show
View Real Time Build Order
Export as new Build Order

DisK Protoss 

Build Orders: Phoenix Opening, Blink Stalkers 

Get SALT Encoding   

  12  0:00  Probe  
  13  0:12  Probe  
  14  0:17  Pylon  
  14  0:24  Probe  
  15  0:32  Probe  
  15  0:37  Gateway  
  15  0:40  Probe  
  16  0:47  Assimilator  
  17  0:51  Probe  
  17  0:55  Assimilator  
  18  1:01  Probe  
  19  1:09  Probe  
  19  1:11  Gateway  
  19  1:18  Probe  
  21  1:26  Cybernetics Core  
  21  1:30  Probe  
  22  1:37  Pylon  
  22  1:42  Probe  
  23  1:55  Probe  
  24  2:02  Sentry, Stalker  
  24  2:04  Warp Gate  
  28  2:10  Probe  
  28  2:12  Pylon  
  29  2:26  Probe  
  30  2:30  Stalker  
  30  2:32  Stalker  
  34  2:39  Probe  
  35  2:45  Phoenix  
  35  2:58  Nexus  
  35  3:04  Probe  
  36  3:10  Shield Battery  
  36  3:20  Probe  
  36  3:23  Twilight Council  
  37  3:29  Pylon  
  37  3:32  Probe  
  38  3:43  Shield Battery, Probe  
  38  3:46  Forge  
  39  3:51  Probe  
  39  3:55  Stalker  
  42  3:56  Blink  
  41  4:03  Shield Battery  
  41  4:11  Stalker  
  41  4:12  Probe x2  
  45  4:20  Probe x2  
  47  4:24  Protoss Ground Weapons Level 1  
  47  4:28  Probe x2  
  49  4:40  Probe x2  
  51  4:46  Gateway  
  51  4:51  Assimilator  
  52  4:52  Probe  
  52  4:53  Probe  
  52  4:57  Stalker  
  52  4:58  Pylon  
  55  5:02  Stalker  
  55  5:06  Robotics Facility  
  57  5:14  Probe x2  
  59  5:24  Photon Cannon  
  59  5:26  Pylon  
  59  5:28  Probe x2  
  61  5:37  Nexus  
  60  5:44  Probe x2  
  60  5:49  Stalker x2  
  66  5:57  Stalker  
  68  6:07  Probe x2  
  70  6:12  Pylon  
  70  6:16  Assimilator  
  70  6:17  Stalker  
  72  6:19  Charge, Probe x2  
  74  6:28  Templar Archives  
  74  6:31  Gateway x2  
  74  6:34  Observer  
  74  6:35  Gateway  
  75  6:44  Stalker  
  77  6:47  Probe x2  
  77  6:51  Stalker  
  69  7:04  Stalker  
  67  7:08  Photon Cannon  
  67  7:11  Pylon  
  65  7:18  Stalker  
  55  7:35  Pylon  
  52  7:38  Protoss Ground Weapons Level 2  
  52  7:48  Pylon, Robotics Facility  
  51  7:56  Probe x3  
  54  8:00  Stalker  
  56  8:08  Probe  
  57  8:13  Shield Battery  
  57  8:20  Probe, Pylon  
  58  8:29  Observer  
  58  8:33  Stalker  
  58  8:34  Stalker  
  59  8:49  Stalker, Observer  
  58  9:17  Nexus  
  58  9:33  Stalker  
  58  9:34  Stalker  
  62  9:55  Stalker x2  
  66  10:01  Stalker  
  62  10:24  Shield Battery  
  62  10:27  High Templar x2, Zealot  
  66  10:36  Observer  
  66  10:40  Archon  
  66  10:54  Zealot x3  
  66  10:56  Zealot  
  74  11:16  Zealot x4  
  82  11:29  Zealot  
  82  11:30  Zealot  
  84  11:39  Zealot  
  86  11:50  Pylon  
  86  11:51  Pylon  
  86  11:52  Pylon  
  86  11:54  Assimilator  
  86  11:56  Assimilator  
  86  11:58  Shield Battery  
  86  12:10  High Templar x2  
  86  12:11  Zealot  
  86  12:12  Zealot  
  94  12:19  Robotics Bay  
  94  12:20  Archon, Zealot  
  96  12:34  Zealot x2  
  100  12:57  Nexus  
  96  12:59  Pylon  
  96  13:04  Disruptor  
  92  13:06  High Templar x4, Zealot  
  92  13:11  Archon x2  
  105  13:22  Pylon  
  105  13:23  Shield Battery x2  
  105  13:28  Zealot  
  105  13:33  Robotics Facility  
  107  13:38  Observer  
  107  13:40  Disruptor  
  105  13:53  Zealot x3  
  106  13:58  Zealot x2  
  110  14:27  Zealot x2  
  110  14:30  Disruptor  
  112  14:58  Zealot x3  
  107  15:19  Zealot x3  
Tags
 
Add a new tag
Caveats
  • Supply blocks, unpowered buildings, or Contaminate may cause inaccurate times.
  • Supply counts are checked every 10 seconds.